 Dungeon Crawl Stone Soup version 0.31-a0-819-gf6de2f5ab6 (webtiles) character file.

Game seed: 2420610404305965754

4743 Shayle the Grappler (level 10, -8/86 (104) HPs)
             Began as an Ogre Hexslinger on Sept 24, 2023.
             Was a Priest of Kikubaaqudgha.
             Mangled by a wight
             ... wielding a +3 halberd of freezing
              (17 damage)
             ... on level 8 of the Dungeon.
             The game lasted 00:27:00 (10160 turns).

Shayle the Grappler (Ogre Hexslinger)              Turns: 10160, Time: 00:27:00

HP:   -8/86 (104)   AC:  3    Str: 14      XL:     10   Next: 46%
MP:   18/18         EV: 10    Int: 12 (14) God:    Kikubaaqudgha [***...]
Gold: 1769          SH:  0    Dex: 12 (13) Spells: 13/20 levels left

rFire   . . .        f - +7 Throatcutter {drain, coup de grace}
rCold   . . .        (no shield)
rNeg    . . .        c - +0 robe
rPois   +            (helmet restricted)
rElec   .            (no cloak)
rCorr   .            (gloves unavailable)
SInv    .            (boots unavailable)
Will    +....        v - amulet of magic regeneration
Stlth   +            (no ring)
HPRegen 0.34/turn    (no ring)
MPRegen 0.56/turn

%: no passive effects
@: weakened, heavily drained
A: large, unfitting armour, tough skin 1, horns 1, dopey 1, poison resistance
a: Renounce Religion, Unearth Wretches


You were on level 8 of the Dungeon.
You worshipped Kikubaaqudgha.
Kikubaaqudgha was most pleased with you.
You visited 2 branches of the dungeon, and saw 9 of its levels.
You also visited: Ossuary and Bailey.

You collected 1769 gold pieces.

Inventory:

Hand Weapons
 a - a +1 sling
 f - the +7 Throatcutter (weapon) {drain, coup de grace}
   (You found it on level 5 of the Dungeon)
 g - a +3 whip
 h - a +1 flail of protection
 m - a +5 orcbow of draining
 s - the +2 hand axe of Ru, Leaping {protect, Contam +Blink Dex+7}
   (You found it on level 7 of the Dungeon)

   Dex+7:     It affects your dexterity (+7).
   +Blink:    It lets you blink.
   Contam:    It causes magical contamination when unequipped.
 w - a +1 hand axe of flaming
Missiles
 u - a curare-tipped dart
Armour
 c - a +0 robe (worn)
 n - a scarf of harm
 H - a +0 kite shield
Jewellery
 p - a ring of wizardry
 v - an amulet of magic regeneration (around neck)
 A - a ring of flight
Wands
 o - a wand of flame (5)
 y - a wand of polymorph (7)
Scrolls
 i - a scroll of blinking
 q - a scroll of teleportation
 r - a scroll of enchant armour
 x - a scroll of vulnerability
 B - 2 scrolls of poison
 C - a scroll of silence {unknown}
 D - 2 scrolls of identify
 E - 2 scrolls of immolation
 F - a scroll of revelation {unknown}
Potions
 b - 2 potions of attraction {unknown}
 d - 2 potions of haste
 e - a potion of degeneration
 k - a potion of enlightenment
 l - a potion of mutation
 t - a potion of magic {unknown}
 z - a potion of resistance {unknown}


   Skills:
 - Level 8.1 Fighting
 - Level 1.3 Ranged Weapons
 - Level 1.7 Dodging
 - Level 10.0 Unarmed Combat
 - Level 5.6 Spellcasting
 - Level 2.6 Hexes
 + Level 5.9 Necromancy
 - Level 0.8 Fire Magic


You had 13 spell levels left.
You knew the following spells:

 Your Spells              Type           Power      Damage    Failure   Level
a - Blink                 Tloc           6%         N/A       28%         2
b - Animate Dead          Necr           17%        N/A       16%         4
c - Necrotise             Necr           68%        1d7       1%          1

Your spell library contained the following spells:

 Spells                   Type           Power      Damage    Failure   Level
 Sublimation of Blood     Necr           17%        N/A       2%          2
 Jinxbite                 Hex            18%        N/A       10%         2
 Cigotuvi's Dreadful Rot  Necr/Pois/Air  16%        N/A       13%         2
 Dispel Undead            Necr           17%        3d10      16%         4
 Sigil of Binding         Hex            9%         N/A       19%         3
 Inner Flame              Hex/Fire       7%         N/A       26%         3
 Summon Guardian Golem    Hex/Summ       6%         N/A       32%         3
 Anguish                  Hex/Necr       6%         N/A       32%         4
 Cause Fear               Hex            4%         N/A       52%         4
 Dimensional Bullseye     Hex/Tloc       3%         N/A       71%         4
 Borgnjor's Vile Clutch   Necr/Erth      5%         N/A       83%         5
 Manifold Assault         Tloc           3%         N/A       88%         4
 Death Channel            Necr           8%         N/A       94%         6
 Orb of Destruction       Conj           1%         9d5       100%        7
 Spellforged Servitor     Conj/Summ      1%         N/A       100%        7


Dungeon Overview and Level Annotations

Branches:
Dungeon (8/15)             Temple (1/1) D:6         Ossuary (visited)
 Bailey (visited)
   Lair: D:8-11

Altars:
Ashenzari
Cheibriados
Dithmenos
Elyvilon
Fedhas
Gozag
Hepliaklqana
Kikubaaqudgha
Makhleb
Nemelex Xobeh
Okawaru
Qazlal
Sif Muna
Vehumet
Wu Jian
Xom
Zin

Shops:
D:7 (


Innate Abilities, Weirdness & Mutations

You are too large for most types of armour.
You have tough skin. (AC +1)
You have a pair of small horns on your head.
You are dopey. (Int -2)
Your system is resistant to poisons. (rPois)


Message History

The puff of flame hits the wight.
The wight is severely damaged.
The wight barely misses you.
You completely miss the gnoll bouda.
You headbutt the gnoll bouda, but do no damage.
The wight barely misses you.
The gnoll bouda is engulfed in poison gas.
The gnoll bouda is poisoned.
The gnoll bouda hits you with a +0 whip.
The wight closely misses you.
The gnoll bouda is engulfed in poison gas.
The gnoll bouda looks even sicker.
The gnoll bouda hits you with a +0 whip.
Things that are here:
a +0 falchion; a +1 robe of willpower You hit the wight.
The wight is almost destroyed.
The wight hits you with a +3 halberd of freezing!
* * * LOW HITPOINT WARNING * * *
The wight freezes you.
* * * LOW HITPOINT WARNING * * *
The gnoll bouda barely misses you.
The wight hits you with a +3 halberd of freezing.
* * * LOW HITPOINT WARNING * * *
The wight freezes you.
* * * LOW HITPOINT WARNING * * *
The gnoll bouda hits you with a +0 whip.
* * * LOW HITPOINT WARNING * * *
You feel better.
The wight hits you with a +3 halberd of freezing!
* * * LOW HITPOINT WARNING * * *
You feel drained.
* * * LOW HITPOINT WARNING * * *
The wight freezes you.
* * * LOW HITPOINT WARNING * * *
The gnoll bouda closely misses you.
You feel better.
The wight hits you with a +3 halberd of freezing!
You die...
Kikubaaqudgha rasps: "You have failed me!
Welcome... death!"

### ####################
?[#°..#..g#°...........#..
)[.$..'..@'....##..#...#..
!%#..○#°z○#.##.....#.#....
#####+######.....##...#..#.
#........†.....○.........#.
###########...######...#...
###..# ##......
##.########..## #.....#
#..# #.....# #..#


You could see a gnoll bouda (very poisoned) and a wight.

Vanquished Creatures
  Sigmund (D:2)
  A yak (D:8)
  Eustachio (D:5)
  Menkaure (D:6)
  2 water moccasins (D:6)
  8 orc warriors
  A hornet zombie (Ossuary)
  A black bear (D:6)
  A sky beast (D:8)
  Blork the orc (D:4)
  3 kobold brigands
  2 bullfrogs (D:7)
  5 wyvern zombies (Ossuary)
  4 scorpions
  5 wights (D:8)
  2 water moccasin zombies (Ossuary)
  4 electric eels (Bailey)
  2 howler monkeys
  A crimson imp (D:7)
  7 bullfrog zombies (Ossuary)
  4 centaur zombies (Ossuary)
  5 hounds
  5 jellies
  An orc priest (D:8)
  9 mummies (Ossuary)
  4 orc wizards
  3 killer bee zombies (Ossuary)
  5 howler monkey zombies (Ossuary)
  Robin (D:2)
  10 gnolls
  7 adders
  2 shadow imps
  2 worms
  19 orcs
  6 bats
  16 endoplasms
  7 giant cockroaches
  19 hobgoblins
  4 jackals
  15 kobolds
  3 quokkas (D:3)
  6 ball pythons
  3 frilled lizards
  24 goblins
  5 rats
238 creatures vanquished.

Notes
Turn   | Place    | Note
-------+----------+-------------------------------------------
     0 | D:1      | Shayle the Ogre Hexslinger began the quest for the Orb.
     0 | D:1      | Reached XP level 1. HP: 19/19 MP: 2/2
   142 | D:1      | Reached skill level 1 in Unarmed Combat
   161 | D:1      | Reached XP level 2. HP: 25/27 MP: 3/3
   654 | D:1      | Reached skill level 2 in Unarmed Combat
   879 | D:2      | Noticed Robin
  1104 | D:2      | Reached XP level 3. HP: 33/33 MP: 4/4
  1311 | D:2      | Noticed Sigmund
  1533 | D:2      | Reached skill level 3 in Unarmed Combat
  1638 | D:2      | Reached XP level 4. HP: 41/41 MP: 5/5
  2125 | D:2      | Killed Robin
  2232 | D:2      | Killed Sigmund
  2233 | D:2      | Reached skill level 5 in Unarmed Combat
  2233 | D:2      | Reached XP level 5. HP: 38/48 MP: 6/6
  2233 | D:2      | Reached XP level 6. HP: 44/55 MP: 7/7
  3392 | D:4      | Noticed Blork the orc
  3516 | D:4      | Reached skill level 6 in Unarmed Combat
  3544 | D:4      | Reached XP level 7. HP: 55/62 MP: 8/8
  3819 | D:4      | Killed Blork the orc
  3820 | D:4      | Reached skill level 7 in Unarmed Combat
  4118 | D:4      | Identified a scroll of acquirement
  4124 | D:4      | Acquired 746 gold pieces
  4230 | D:4      | Found a shimmering altar of Xom.
  4364 | D:5      | Entered Level 5 of the Dungeon
  4373 | D:5      | Found the +7 Throatcutter {drain, coup de grace}
  4464 | D:5      | Noticed Eustachio
  4472 | D:5      | Killed Eustachio
  4473 | D:5      | Reached skill level 8 in Unarmed Combat
  4473 | D:5      | Reached XP level 8. HP: 60/70 MP: 9/9
  4978 | D:6      | Found a staircase to the Ecumenical Temple.
  4987 | Temple   | Entered the Ecumenical Temple
  4999 | Temple   | Became a worshipper of Kikubaaqudgha
  5073 | D:6      | Noticed Menkaure
  5077 | D:6      | Killed Menkaure
  5078 | D:6      | Reached skill level 9 in Unarmed Combat
  5381 | D:6      | Found a sparkling altar of Nemelex Xobeh.
  5452 | D:6      | Reached skill level 1 in Necromancy
  5958 | D:7      | Reached XP level 9. HP: 73/83 MP: 10/10
  6029 | D:7      | Found a shimmering blue altar of Sif Muna.
  6164 | D:7      | Found Cenou's Weapon Shoppe.
  6212 | D:7      | Found a burning altar of Makhleb.
  6254 | D:7      | Found a flagged portal.
  6265 | D:7      | Identified the +2 hand axe of Ru, Leaping {protect, Contam
                  | +Blink Dex+7}
  6269 | Bailey   | Entered a bailey
  6306 | Bailey   | Reached skill level 10 in Unarmed Combat
  6503 | Bailey   | Learned a level 2 spell: Blink
  6654 | Bailey   | Reached skill level 5 in Fighting
  6867 | Bailey   | Reached * piety under Kikubaaqudgha
  6867 | Bailey   | Received a gift from Kikubaaqudgha
  6875 | Bailey   | Learned a level 4 spell: Animate Dead
  6941 | Bailey   | Learned a level 1 spell: Necrotise
  7338 | Bailey   | Acquired 671 gold pieces
  7447 | Bailey   | Found an iron altar of Okawaru.
  7451 | Bailey   | Noticed an orc high priest
  7454 | Bailey   | Noticed a hellwing
  7456 | Bailey   | Noticed a sixfirhy
  7459 | Bailey   | Noticed a red devil
  7460 | Bailey   | Noticed an orc knight
  7652 | Bailey   | Noticed a kobold demonologist
  7748 | D:7      | Found a blossoming altar of Fedhas.
  7939 | D:8      | Found a sand-covered staircase.
  7944 | Ossuary  | Entered an ossuary
  8340 | Ossuary  | Reached ** piety under Kikubaaqudgha
  8353 | Ossuary  | Reached XP level 10. HP: 25/102 MP: 16/16
  8733 | Ossuary  | Gained mutation: Your system is resistant to poisons.
                  | (rPois) [potion of mutation]
  8733 | Ossuary  | Gained mutation: You are dopey. (Int -2) [potion of
                  | mutation]
  8733 | Ossuary  | Gained mutation: You have a pair of small horns on your
                  | head. [potion of mutation]
  8755 | Ossuary  | Reached skill level 5 in Spellcasting
  8764 | Ossuary  | Reached skill level 5 in Necromancy
  9731 | D:8      | Found a broken altar of Ashenzari.
  9757 | D:8      | Reached *** piety under Kikubaaqudgha
  9757 | D:8      | Received a gift from Kikubaaqudgha
 10159 | D:8      | HP: 3/86 [wight/+3 halberd of freezing (3)]
 10160 | D:8      | Mangled by a wight

Illustrated notes

Levels and vault maps discovered:
D:1:      elethiomel_arrival_infinity_welcomes_careful_drivers, layout_basic
D:2:      layout_loops_cross, corexii_shack, uniq_robin, uniq_sigmund
D:3:      layout_loops_cross, portal_sewer_entry_f, kennysheep_generic_room_3
D:4:      layout_rooms, mainiacjoe_overflow_paths, uniq_blork_the_orc
D:5:      layout_basic, minmay_checkerbox, uniq_eustachio
D:6:      layout_basic, nemelex_xobeh_ov_fountains_minmay, temple_hall,
          uniq_menkaure
D:7:      layout_loops_cross, nicolae_overflow_crystal_walls,
          makhleb_grotto_becter, mainiacjoe_overflow_catch_the_wave,
          serial_shops, nicolae_stop_n_shop_1, enter_bailey_2, grunt_livestock
D:8:      minmay_thinvault, layout_basic, mainiacjoe_overflow_surrounded_room,
          mainiacjoe_overflow_small_starburst, dpeg_lair_monsters,
          nicolae_ossuary_entry_false_entrances
Temple:   minmay_freezing_vapour_temple

Skill      XL: |  1  2  3  4  5  6  7  8  9 10 |
---------------+-------------------------------+-----
Unarmed Combat | 1 2 3 5 6 8 9 10 | 10.0
Fighting       | 3 7 8 |  8.1
Necromancy     | 1 4 5 |  5.9
Spellcasting   | 4 5 |  5.6
Ranged Weapons | |  1.3
Dodging        | |  1.7
Hexes          | |  2.6
Fire Magic     | |  0.8

Action                     |  1- 3 |  4- 6 |  7- 9 | 10-12 || total
---------------------------+-------+-------+-------+-------++-------
  Melee: Whip              |    44 |    22 |       |       ||    66
         Punch             |       |     1 |    12 |    14 ||    27
         Long sword        |       |       |   178 |   151 ||   329
         Headbutt          |       |       |       |    25 ||    25
   Fire: Sling             |    93 |       |       |       ||    93
         Orcbow            |       |   149 |   103 |       ||   252
  Evoke: Wand              |       |       |     8 |     5 ||    13
    Use: Scroll            |       |     1 |    15 |     1 ||    17
         Potion            |       |       |     7 |     9 ||    16
   Stab: Sleeping          |       |       |     1 |       ||     1
         Distracted        |       |       |     1 |       ||     1
         Invisible         |       |       |       |     1 ||     1
 Armour: Robe              |    74 |   119 |   219 |   158 ||   570
  Dodge: Dodged            |    47 |    84 |   130 |   129 ||   390

Table legend: (Time is in decaauts)
 A = Elapsed time spent in this place.
 B = Non-inter-level travel time spent in this place.
 C = Inter-level travel time spent in this place.
 D = Time resting spent in this place.
 E = Time spent auto-exploring this place.
 F = Levels seen in this place.
 G = Mean time per level.
                   A        B        C        D        E       F      G
               +--------+--------+--------+--------+--------+-----+--------+
         Total |  10417 |  10097 |    320 |   3599 |   3633 |  11 |  947.0 |
       Dungeon |   7420 |   7100 |    320 |   1568 |   3605 |   8 |  927.5 |
        Temple |     17 |     17 |      0 |      0 |      0 |   1 |   17.0 |
       Ossuary |   1563 |   1563 |      0 |   1097 |     10 |   1 | 1563.0 |
        Bailey |   1415 |   1415 |      0 |    934 |     18 |   1 | 1415.0 |
               +--------+--------+--------+--------+--------+-----+--------+

Top non-repeatable levels by time:
 Ossuary: 1563 daAuts
  Bailey: 1415 daAuts
     D:2: 1314 daAuts
     D:3: 1220 daAuts
     D:1: 1085 daAuts
     D:6: 985 daAuts
     D:8: 900 daAuts
     D:4: 879 daAuts
     D:5: 606 daAuts
     D:7: 428 daAuts
  Temple: 17 daAuts
